cohdb
Replays
Latest Replays
All Replays
Popular Replays
Top Player Replays
Match Explorer
How It Works
Community
CoH3 Stats
Reddit
Sign in to upload your games and track your stats! →
Sign in with Steam
Match 41296020
Unlisted
Match 41296020
Overview
Messages
Build Orders
End
Vickers Machine Gun Team
Construct Section Command Post
Selects Canadian Shock Battlegroup
Selects Canadian Shock Battlegroup
Infantry Section
Infantry Section
Grenade Package
Infantry Section
Selects Incendiary Munitions
Selects Offensive Resupply
Selects Canadian Shock Section
Canadian Shock Section
Infantry Section
Construct Platoon Command Post
Selects Pyrotechnics
STALKER4732
SoyaLors
Devochkin
Germal
quangdung.tr0809
Mr.NooB
0
0
Comments
sign in to comment!
No comments posted yet!